 Dungeon Crawl Stone Soup version 0.31-a0-1616-gbeaec30b81 (webtiles) character file.

Game seed: 6720229485216168531

84 MisterAzrael the Changeling (level 4, -1/36 HPs)
             Began as a Demigod Shapeshifter on Jan 10, 2024.
             Slain by a gnoll
             ... wielding a +0 flail
              (8 damage)
             ... on level 2 of the Dungeon.
             The game lasted 00:02:10 (2093 turns).

MisterAzrael the Changeling (Demigod Shapeshifter)  Turns: 2093, Time: 00:02:11

Health: -1/36      AC:  2    Str: 19    XL:     4   Next: 4%
Magic:  6/6        EV: 12    Int: 12    God:
Gold:   82         SH:  5    Dex: 13    Spells: 3/3 levels left

rFire   . .          .
                       - Unarmed
rCold   . . .        (no shield)
rNeg    . . .        a - +0 animal skin
rPois   .            (helmet currently unavailable)
rElec   .            (cloak currently unavailable)
rCorr   .            (gloves currently unavailable)
SInv    .            (boots currently unavailable)
Will    .....        o - amulet of reflection
Stlth   +            (no ring)
HPRegen 0.26/turn    (no ring)
MPRegen 0.10/turn

%: reflection
@: beast-form
A: beast (slay +1), high MP 1, forlorn, divine attributes
a: Begin Untransformation


You were on level 2 of the Dungeon.
You were a hulking beast.
You visited 1 branch of the dungeon, and saw 2 of its levels.

You collected 82 gold pieces.

Inventory:

Armour
 a - a +0 animal skin (worn)
Jewellery
 g - an amulet of magic regeneration
 o - an amulet of reflection (around neck)
Talismans
 c - a beast talisman
 d - a flux talisman
Scrolls
 e - 3 scrolls of identify {unknown}
 f - a scroll of enchant weapon {unknown}
 i - a scroll of silence {unknown}
 m - a scroll of poison {unknown}
 n - 2 scrolls of noise {unknown}
Potions
 b - a potion of degeneration {unknown}
 h - 2 potions of might {unknown}
 j - 2 potions of enlightenment {unknown}
 k - 2 potions of curing {unknown}
 l - a potion of berserk rage {unknown}
 p - 2 potions of attraction {unknown}


   Skills:
 + Level 1.8 Fighting
 + Level 2.3 Dodging
 + Level 3.2 Unarmed Combat
 * Level 3.4 Shapeshifting


You had 3 spell levels left.
You didn't know any spells.
Your spell library contained the following spells:

 Spells                   Type           Power      Damage    Failure   Level
 Magic Dart               Conj           0%         1d3       32%         1
 Blink                    Tloc           0%         N/A       45%         2
 Call Imp                 Summ           0%         N/A       45%         2
 Iskenderun's Battlesphe  Conj           0%         2d6       100%        5
 Bombard                  Conj/Erth      0%         9d1       100%        6
 Spellforged Servitor     Conj/Summ      0%         N/A       100%        7


Dungeon Overview and Level Annotations

Branches:
Dungeon (2/15)


Innate Abilities, Weirdness & Mutations

You are a hulking beast.
Your limbs bulge with bestial killing power. (Slay +1)
You have an increased reservoir of magic. (+10% MP)
You shall have no god before yourself.
Your divine heritage dramatically boosts your attributes as you level up.


Message History

A gnoll comes into view. It is wielding a +0 flail.
The gnoll shouts!
You hit the gnoll.
The gnoll is almost dead.
The gnoll closely misses you.
The gnoll hits you from afar with a +0 spear.
You hit the gnoll.
You kill the gnoll!
The gnoll hits you from afar with a +0 spear!
The gnoll misses you. The frilled lizard bites you.
The gnoll closely misses you.
A bat comes into view.
The gnoll barely misses you.
The frilled lizard attacks as it pursues you!
The frilled lizard closely misses you. You block the frilled lizard's attack.
The frilled lizard unfolds its giant frill.
The frilled lizard attacks as it pursues you!
You block the frilled lizard's attack.
You barely miss the frilled lizard. The frilled lizard barely misses you.
You hit the frilled lizard.
You kill the frilled lizard!
The gnoll closely misses you.
You hit the gnoll but do no damage. The gnoll closely misses you.
You hit the gnoll.
The gnoll is moderately wounded.
The gnoll hits you with a +0 spear.
You hit the gnoll. Your punch misses the gnoll.
The gnoll is severely wounded.
The gnoll barely misses you.
You punch the gnoll!
You kill the gnoll!
The bat misses you.
You have reached level 4!
You hit the bat.
You kill the bat!
You closely miss the gnoll. The gnoll hits you with a +0 flail!
* * * LOW HITPOINT WARNING * * *
You barely miss the gnoll. The gnoll hits you with a +0 flail!
You die...

........# ...##.##.#
##..(...# ........#
#.......# ...)...#
#.......# ###......#
#.......#.#####........#
#.###.##.....$.....)..$#
#.# .# .#. #.......# ..#
.. . #g##....# .#
#h##..### .####.#
#.#...# ......#
.#####.#.#.# ..###.#
......†....# ..#
...###..#.## ..# ##.#.#
#...# ##.#.# ###.....
###..#.# # ##...#
#......#


You could see a gnoll.

Vanquished Creatures
  Terence (D:2)
  2 gnolls (D:2)
  A dart slug (D:1)
  3 bats
  An endoplasm (D:1)
  2 giant cockroaches (D:1)
  5 goblins
  5 hobgoblins
  4 jackals
  2 kobolds
  2 quokkas (D:2)
  2 ball pythons
  4 frilled lizards
  5 rats
39 creatures vanquished.

Notes
Turn   | Place    | Note
-------+----------+-------------------------------------------
     0 | D:1      | MisterAzrael the Demigod Shapeshifter began the quest for
                  | the Orb.
     0 | D:1      | Reached XP level 1. HP: 15/15 MP: 3/3
    94 | D:1      | Reached skill level 1 in Fighting
   365 | D:1      | Reached XP level 2. HP: 23/23 MP: 4/4
  1014 | D:2      | Noticed Terence
  1531 | D:2      | Reached XP level 3. HP: 18/28 MP: 5/5
  1679 | D:2      | Killed Terence
  2091 | D:2      | Reached XP level 4. HP: 18/36 MP: 6/6
  2093 | D:2      | Slain by a gnoll

Illustrated notes

Levels and vault maps discovered:
D:1:      minmay_arrival_nine_rooms, layout_loops_cross,
          shapermc_ecumenical_altar_ellora
D:2:      layout_rooms, minmay_fountain_box, minmay_split_cup_small,
          uniq_terence

Skill      XL: |  1  2 |
---------------+-------+-----
Fighting       | 1 |  1.8
Dodging        | 2 |  2.3
Shapeshifting  | 3 |  3.4
Unarmed Combat | 3 |  3.2

Action                     |  1- 3 |  4- 6 || total
---------------------------+-------+-------++-------
  Melee: Unarmed           |   136 |     3 ||   139
         Punch             |     1 |       ||     1
    Use: Potion            |     1 |       ||     1
   Stab: Sleeping          |     4 |       ||     4
 Armour: Animal skin       |    63 |     2 ||    65
         Skin              |     3 |       ||     3
  Dodge: Dodged            |    94 |       ||    94
  Block: Other             |    10 |       ||    10

Table legend: (Time is in decaauts)
 A = Elapsed time spent in this place.
 B = Non-inter-level travel time spent in this place.
 C = Inter-level travel time spent in this place.
 D = Time resting spent in this place.
 E = Time spent auto-exploring this place.
 F = Levels seen in this place.
 G = Mean time per level.
                   A        B        C        D        E       F      G
               +--------+--------+--------+--------+--------+-----+--------+
         Total |   2086 |   1926 |    160 |    619 |   1015 |   2 | 1043.0 |
       Dungeon |   2086 |   1926 |    160 |    619 |   1015 |   2 | 1043.0 |
               +--------+--------+--------+--------+--------+-----+--------+

Top non-repeatable levels by time:
     D:1: 1433 daAuts
     D:2: 653 daAuts
